 Dungeon Crawl Stone Soup version 0.31-a0-165-g3f4f80340b (webtiles) character file.

Game seed: 18061108942144395928

66 qw the Shooter (level 4, 0/28 HPs)
             Began as a Gargoyle Hunter on June 13, 2023.
             Slain by a hobgoblin
             ... wielding a +0 flail
              (10 damage)
             ... on level 2 of the Dungeon.
             The game lasted 00:00:37 (1004 turns).

qw the Shooter (Gargoyle Hunter)                    Turns: 1004, Time: 00:00:38

Health: 0/28       AC:  7    Str: 15    XL:     4   Next: 15%
Magic:  4/4        EV: 11    Int:  9    God:
Gold:   91         SH:  0    Dex: 15    Spells: 3/3 levels left

rFire   . . .        Y - +0 shortbow
rCold   . . .        (shield currently unavailable)
rNeg    + . .        c - +0 leather armour
rPois   inf          (no helmet)
rElec   +            (no cloak)
rCorr   .            e - +0 pair of gloves
SInv    .            (no boots)
Will    .....        (no amulet)
Stlth   +            (no ring)
HPRegen 0.24/turn    (no ring)
MPRegen 0.09/turn

%: no passive effects
@: confused
A: sickness immunity, AC +3, negative energy resistance 1, electricity
resistance, torment resistance 1, petrification resistance
a: no special abilities


You were on level 2 of the Dungeon.
You visited 1 branch of the dungeon, and saw 2 of its levels.

You collected 91 gold pieces.


Innate Abilities, Weirdness & Mutations

You are immune to sickness and miasma.
Your stone body is resilient. (AC +3)
You are immune to poison.
You resist negative energy. (rN+)
You are resistant to electric shocks. (rElec)
You are resistant to unholy torment.
You are immune to petrification.


   Skills:
 - Level 3.0 Fighting
 + Level 5.2 Ranged Weapons
 - Level 1.5 Dodging
 - Level 1.1 Stealth


You had 3 spell levels left.
You didn't know any spells.
Your spell library was empty.

Inventory:

Hand Weapons
 Y - a +0 shortbow (weapon)
Armour
 c - a +0 leather armour (worn)
 e - a +0 pair of gloves (worn)
Jewellery
 h - a ring of see invisible
Scrolls
 a - 2 scrolls of teleportation {unknown}
 b - a scroll of revelation {unknown}
 d - a scroll of vulnerability {unknown}
 g - a scroll of poison {unknown}
Potions
 f - a potion of heal wounds {unknown}

Dungeon Overview and Level Annotations

Branches:
Dungeon (2/15)

Altars:
Ru


Message History

The arrow hits the hobgoblin but does no damage.
The hobgoblin zaps a wand.
You resist with some effort.
The hobgoblin zaps a wand.
Your will is overpowered!
You are confused.
The hobgoblin zaps a wand.
You resist with some effort.
The hobgoblin zaps a wand.
Your will is overpowered!
You are more confused.
The hobgoblin zaps a wand.
Your will is overpowered!
You are more confused.
The hobgoblin zaps a wand.
You resist with some effort. The hobgoblin hits you with a +0 flail!
The hobgoblin barely misses you. The hobgoblin barely misses you.
The hobgoblin barely misses you. The hobgoblin barely misses you.
The hobgoblin zaps a wand.
Your will is overpowered!
You are more confused.
The hobgoblin zaps a wand.
You resist with some effort. The hobgoblin hits you with a +0 flail!
The hobgoblin hits you with a +0 flail. The hobgoblin closely misses you.
The hobgoblin closely misses you.
The hobgoblin zaps a wand.
Your will is overpowered!
You are more confused.
The hobgoblin closely misses you.
The hobgoblin zaps a wand.
Your will is overpowered!
You are more confused.
The hobgoblin closely misses you. The hobgoblin barely misses you.
The hobgoblin zaps a wand.
Your will is overpowered!
You are more confused.
The hobgoblin zaps a wand.
Your will is overpowered!
You are more confused.
The now-empty wand crumbles to dust.
The hobgoblin hits you with a +0 flail. The hobgoblin barely misses you.
The hobgoblin hits you but does no damage.
The hobgoblin hits you but does no damage.
The hobgoblin hits you with a +0 flail!
You die...

#.###..###..#..
#.._...
#...........#.# .#
#......#
#...........#.##'#
#......#
#......###........
.....###
#.......%..........
.....
#..................
#...)..............
#..###[.###........
#..........@g......
#..........).###'##
############ #


You could see a hobgoblin.

Vanquished Creatures
  4 dart slugs
  A ball python (D:1)
  7 bats
  4 endoplasms
  4 giant cockroaches
  12 goblins
  4 hobgoblins
  3 jackals (D:1)
  2 quokkas (D:2)
  A frilled lizard (D:2)
  3 kobolds
  3 rats (D:1)
48 creatures vanquished.

Notes
Turn   | Place    | Note
-------+----------+-------------------------------------------
     0 | D:1      | qw the Gargoyle Hunter began the quest for the Orb.
     0 | D:1      | Reached XP level 1. HP: 12/12 MP: 1/1
     0 | D:1      | 0 ||| qw: Version: 0.2-a-29-gc1b59c4
     0 | D:1      | 0 ||| qw: Game counter: 4704
     0 | D:1      | 0 ||| qw: Always use a shield: true
     0 | D:1      | 0 ||| qw: God list: Okawaru
     0 | D:1      | 0 ||| qw: Allow faded altars: false
     0 | D:1      | 0 ||| qw: Do Orc after D:15 true
     0 | D:1      | 0 ||| qw: Do second Lair branch before Depths: true
     0 | D:1      | 0 ||| qw: Lair rune preference: random
     0 | D:1      | 0 ||| qw: Plans: Normal, Zot:1-4, Slime:5, God:TSO, Crypt,
                  | Tomb, Abyss, Pan, Hells, Win
     0 | D:1      | 0 ||| PLANNING D:1-11
    46 | D:1      | Reached XP level 2. HP: 17/17 MP: 2/2
   208 | D:1      | Reached XP level 3. HP: 21/21 MP: 3/3
   221 | D:1      | Reached skill level 5 in Ranged Weapons
   576 | D:1      | 576 ||| UPGRADING to +0 pair of gloves.
   581 | D:1      | 581 ||| READING scroll labelled ZISEMO BOFA.
   582 | D:1      | 582 ||| DROPPING scroll of butterflies.
   685 | D:2      | Reached skill level 3 in Fighting
   745 | D:2      | 745 ||| DROPPING +3 sling.
   789 | D:2      | Reached XP level 4. HP: 27/28 MP: 4/4
   929 | D:2      | Found a sacrificial altar of Ru.
   944 | D:2      | Found a faded altar of an unknown god.
  1004 | D:2      | Slain by a hobgoblin

Levels and vault maps discovered:
D:1:      beargit_arrival_diablo_church, layout_basic,
          minmay_large_rounded_square
D:2:      minmay_evil_eye, layout_basic, hellmonk_ecumenical_altar_lost_god,
          basic_altar, dk_noncrumbling_3, grunt_ministairs_3

Skill      XL: |  1  2  3 |
---------------+----------+-----
Ranged Weapons | 5 |  5.2
Fighting       | 3 |  3.0
Dodging        | |  1.5
Stealth        | |  1.1

Action                     |  1- 3 |  4- 6 || total
---------------------------+-------+-------++-------
   Fire: Shortbow          |   136 |    11 ||   147
    Use: Scroll            |     1 |       ||     1
 Armour: Leather armour    |    26 |     3 ||    29
  Dodge: Dodged            |    51 |    10 ||    61

Table legend:
 A = Non-vault XP
 B = Vault XP
 C = Vault XP percentage of total XP
 D = Non-vault monster count
 E = Vault monster count
 F = Vault count percentage of total count
                 A         B        C        D         E       F
            +---------+---------+-------+---------+---------+-------
      Total |      88 |       7 |   7.4 |      44 |       4 |   8.3
            +---------+---------+-------+---------+---------+-------
        D:1 |      66 |       0 |   0.0 |      33 |       0 |   0.0
        D:2 |      22 |       7 |  24.1 |      11 |       4 |  26.7
            +---------+---------+-------+---------+---------+-------
